 Dungeon Crawl Stone Soup version 0.25-a0-435-g4b9beb1024 (webtiles) character file.

Game seed: 9293176504172065061, levelgen mode: deterministic

36094 BeastOfSaturn the Cleaver (level 13, -17/85 HPs)
             Began as a Demonspawn Necromancer on Jan 25, 2020.
             Was a High Priest of Hepliaklqana.
             Demolished by a two-headed ogre
             ... wielding a cursed +0 giant spiked club
              (21 damage)
             ... on level 1 of the Orcish Mines on Jan 26, 2020.
             The game lasted 01:57:29 (21614 turns).

BeastOfSaturn the Cleaver (Demonspawn Necromancer) Turns: 21614, Time: 01:57:29

Health: -17/85     AC: 16    Str: 12    XL:     13   Next: 51%
Magic:  0/24       EV: 10    Int: 20    God:    Hepliaklqana [*****.]
Gold:   1427       SH: 19    Dex: 14    Spells: 6/27 levels left

rFire    + + .     SeeInvis .   v - +7 war axe of Beawocis {freeze, rElec rC+ Int+2 Stlth-}
rCold    + . .     Gourm    .   a - +0 large shield
rNeg     + + +     Faith    .   L - +1 leather armour of Ru's Wrath {*Contam rF+ rN++ Regen+}
rPois    +         Spirit   +   e - +2 hat
rElec    +         Reflect  +   R - +2 cloak
rCorr    .         Harm     .   (no gloves)
MR       .....                  G - +0 pair of boots
Stlth    +.........             J - +4 amulet of reflection
HPRegen  0.64/turn              t - ring of positive energy
MPRegen  0.38/turn              A - ring of poison resistance

@: about to teleport
A: reduced essence, claws 2, iridescent scales 2, fire resistance 1, magic
shield, magic regeneration
a: Recall Ancestor, Ancestor Identity, Transference, Idealise, Renounce Religion


You were on level 1 of the Orcish Mines.
You worshipped Hepliaklqana.
Hepliaklqana was extremely pleased with you.
You were not hungry.

You visited 3 branches of the dungeon, and saw 18 of its levels.

You collected 1427 gold pieces.

Inventory:

Hand Weapons
 v - the +7 war axe of Beawocis (weapon) {freeze, rElec rC+ Int+2 Stlth-}
   (You found it on level 4 of the Dungeon)

   It has been specially enchanted to freeze those struck by it, causing extra
   injury to most foes and up to half again as much damage against particularly
   susceptible opponents.
   It can also slow down cold-blooded creatures.
   It affects your intelligence (+2).
   It protects you from cold.
   It insulates you from electricity.
   It makes you less stealthy.
Armour
 a - a +0 large shield (worn)
 e - a +2 hat (worn)
 G - a +0 pair of boots (worn)
 L - the +1 leather armour of Ru's Wrath (worn) {*Contam rF+ rN++ Regen+}
   (You found it on level 11 of the Dungeon)

   It protects you from fire.
   It greatly protects you from negative energy.
   It causes magical contamination when unequipped.
   It increases your rate of regeneration.
   If you remove this armour, your AC will fall 6 points (16 -> 10)
 R - a +2 cloak (worn)
 S - a cursed +0 cloak
Magical Staves
 z - an uncursed staff of death {unknown}
Jewellery
 j - an uncursed ring of magical power
 o - a +3 ring of strength
 t - a ring of positive energy (left claw)
 A - a ring of poison resistance (right claw)
 I - an uncursed amulet of faith
 J - a +4 amulet of reflection (around neck)
Wands
 f - a wand of acid (10)
 g - a wand of digging (6)
 h - a wand of polymorph (20)
 m - a wand of paralysis (17)
 C - a wand of iceblast (18)
 K - a wand of random effects (15)
 N - a wand of disintegration (7)
Scrolls
 b - 2 scrolls of fear {unknown}
 i - 5 scrolls of teleportation
 k - 3 scrolls of fog
 l - 8 scrolls of remove curse
 n - 2 scrolls of magic mapping {unknown}
 q - 4 scrolls of enchant weapon {unknown}
 u - a scroll of amnesia {unknown}
 w - a scroll of acquirement {unknown}
 y - 5 scrolls of enchant armour {unknown}
 D - a scroll of brand weapon {unknown}
 F - a scroll of immolation {unknown}
 O - a scroll of silence {unknown}
 P - a scroll of holy word {unknown}
Potions
 c - 7 potions of curing
 d - a potion of resistance
 p - 2 potions of lignification
 r - 2 potions of might
 x - 3 potions of brilliance
 B - 4 potions of haste
 E - 5 potions of flight
 H - a potion of magic {unknown}
 M - a potion of berserk rage {unknown}
 Q - a potion of ambrosia {unknown}
 T - a potion of invisibility {unknown}
 U - a potion of agility
Comestibles
 s - 8 rations


   Skills:
 + Level 6.9 Fighting
   Level 1.0 Short Blades
 + Level 11.5 Axes
   Level 0.3(7.3) Maces & Flails
 * Level 9.7 Armour
 - Level 4.3 Dodging
 - Level 1.7 Stealth
 * Level 8.8 Shields
 + Level 7.8 Spellcasting
 + Level 9.6 Necromancy
 + Level 0.3 Air Magic
 + Level 0.6 Poison Magic
 + Level 0.4 Evocations


You had 6 spell levels left.
You knew the following spells:

 Your Spells              Type           Power        Failure   Level  Hunger
a - Pain                  Necr           ####         1%          1    None
b - Animate Skeleton      Necr           N/A          1%          1    None
c - Vampiric Draining     Necr           #####.....   4%          3    None
d - Animate Dead          Necr           N/A          17%         4    ###....
e - Agony                 Necr           #####...     43%         5    #####..
f - Summon Guardian Gole  Hex/Summ       #.......     94%         3    None
g - Blink                 Tloc           N/A          78%         2    None
h - Poisonous Vapours     Pois/Air       #.....       71%         2    None

Your spell library contained the following spells:

 Spells                   Type           Power        Failure   Level  Hunger
 Sting                    Tmut/Pois      #...         58%         1    None
 Summon Small Mammal      Summ           #...         63%         1    None
 Magic Dart               Conj           #...         65%         1    None
 Call Imp                 Summ           #.......     77%         2    None
 Slow                     Hex            #.......     77%         2    None
 Searing Ray              Conj           #.....       78%         2    None
 Mephitic Cloud           Conj/Pois/Air  #.......     92%         3    None
 Call Canine Familiar     Summ           #.......     94%         3    None
 Ignite Poison            Fire/Tmut/Pois #.......     94%         3    None
 Conjure Flame            Conj/Fire      #.......     95%         3    None
 Dazzling Flash           Conj/Hex       #.....       95%         3    None
 Fulminant Prism          Conj/Hex       #.........   100%        4    ###....
 Iskenderun's Mystic Bla  Conj/Tloc      #.......     100%        4    ###....
 Olgreb's Toxic Radiance  Pois           ##......     100%        4    ###....
 Summon Ice Beast         Ice/Summ       #.......     100%        4    ###....
 Summon Lightning Spire   Summ/Air       #.......     100%        4    ###....


Dungeon Overview and Level Annotations

Branches:
Dungeon (13/15)            Temple (0/1) D:5            Lair (3/6) D:9
 Shoals (0/4) Lair:2          Orc (2/2) D:10            Elf (0/3) Orc:2
 Vaults (0/5) D:13
  Snake: Lair:2-4    Spider: Lair:2-4

Altars:
Ashenzari
Cheibriados
Fedhas
Gozag
Hepliaklqana
Makhleb
Nemelex Xobeh
Qazlal
Sif Muna
Uskayaw
Vehumet
Wu Jian

Shops:
D:9 *

Annotations:
D:9 3 runed translucent doors, exclusion: obsidian statue, swagumen's ghost, novice DEFE
D:12 Rupert
Lair:1 2 runed translucent doors, Vibompa's ghost, journeyman DDFi
Lair:2 3 runed translucent doors, walterwhite's ghost, journeyman TrFi
Orc:2 1 transporter, mrsnowman's ghost, journeyman DsFi


Innate Abilities, Weirdness & Mutations

You have very sharp fingernails.
You are mostly covered in iridescent scales. (AC +4)
Your flesh is heat resistant. (rF+)
When hurt, damage is shared between your health and your magic reserves.
You regenerate magic rapidly.
Your life essence is reduced to manifest your ancestor. (-10% HP)


Message History

Okay, then.
Okay, then.
As you read the scroll of teleportation, it crumbles to dust.
You feel strangely unstable.
You block the two-headed ogre's attack. x2
You block the troll's attack. The troll claws you but does no damage.
The troll barely misses you.
The two-headed ogre barely misses you. x2
The two-headed ogre hits you with a +0 giant spiked club!
* * * LOW HITPOINT WARNING * * *
The two-headed ogre hits you with a +0 giant club!!
* * * LOW HITPOINT WARNING * * *
The two-headed ogre hits you with a cursed +0 giant spiked club.
* * * LOW HITPOINT WARNING * * *
You block the two-headed ogre's attack.
The two-headed ogre closely misses you. x2
Orion barely misses the troll.
You block the troll's attack. x3; The two-headed ogre closely misses you.
The two-headed ogre hits you but does no damage. x2
The two-headed ogre barely misses you.
Orion hits the troll with a +0 dagger of draining.
The two-headed ogre hits you with a cursed +0 giant spiked club!!
You die...

##.####.#.###..........)...)...
#...#......###.........^.#Z....
##.#.........##.#.#..#.##Z..##.
##.#..........#..##....##.....#
#.......................##.....
##....#....#.............#####.#
#.................(.......##.###
##....)....#..........#.......#
##..#).......O@O)(..........##
###...)....#..OOT..#..#..#.###
##.#..#....[...O.R.......#...#
#.....#.....................##
##..........................#
#.....#...).#..............##
##.#..#..........##.........#
##.............#.##........#
##......[................##


You could see the friendly Orion the hexer, 5 two-headed ogres and a troll.

Vanquished Creatures
  Snorg (D:13)
  Harold (D:7)
  3 death yaks
  An orc high priest (Orc:2)
  An unseen horror (D:12)
  2 orc knights
  2 manticores
  An ugly thing (D:13)
  An orc sorcerer (Orc:2)
  3 elephants (Lair:1)
  A black mamba (Lair:1)
  Joseph (D:8)
  Maurice (D:13)
  2 gargoyles (D:11)
  2 black mambas (shapeshifter) (D:13)
  6 spiny frogs (Lair:1)
  A rime drake (D:11)
  A kobold demonologist (D:11)
  A komodo dragon (Lair:3)
  A polar bear (Lair:1)
  3 trolls
  Prince Ribbit (D:6)
  A hornet (D:12)
  A raiju (shapeshifter) (D:13)
  3 hippogriffs
  A water elemental (D:13)
  A spriggan (D:8)
  A wyvern (Lair:3)
  A wraith (D:10)
  2 basilisks
  A hungry ghost (D:7)
  17 yaks
  2 vampire mosquitoes (D:12)
  A warg (Orc:1)
  3 water moccasins
  5 porcupines
  A sky beast (D:4)
  A black bear (D:8)
  13 orc warriors
  2 ice beasts
  4 phantoms
  A necrophage (D:10)
  8 ogres
  8 wolves
  4 centaurs
  A crocodile (Lair:3)
  A big kobold (D:8)
  8 bullfrogs
  A gnoll sergeant (Orc:2)
  A wyvern zombie (D:12)
  3 scorpions
  8 killer bees (D:12)
  6 wights (D:7)
  6 electric eels
  6 howler monkeys
  8 crimson imps
  3 bullfrog zombies
  A centaur zombie (D:12)
  3 bullfrog skeletons
  12 orc priests
  A gnoll shaman (D:5)
  6 hounds
  2 jellies
  Jessica (D:2)
  2 centaur skeletons
  A hell rat (D:9)
  2 iguanas
  Ijyb (D:5)
  12 orc wizards
  7 worker ants
  A hound skeleton (D:5)
  16 gnolls
  9 adders
  2 river rats (D:9)
  3 shadow imps
  An ooze (D:6)
  An adder skeleton (D:10)
  A worm (D:3)
  6 leopard geckos
  64 orcs
  5 giant cockroaches
  5 goblins
  6 hobgoblins
  3 jackals (D:4)
  12 kobolds
  6 quokkas
  3 ball pythons
  A ball python skeleton (D:4)
  3 bats
  2 frilled lizards (D:1)
  A leopard gecko zombie (D:7)
  A quokka skeleton (D:5)
  6 rats
  A fungus (Lair:3)
  A plant (Lair:3)
382 creatures vanquished.

Vanquished Creatures (collateral kills)
  Sonja (D:13)
  A deep troll (D:13)
  An unseen horror (D:12)
  A cyclops (D:12)
  3 elephants (Lair:1)
  A centaur zombie (D:12)
  A gargoyle (D:12)
  A torpor snail (shapeshifter) (D:13)
  A rime drake (D:11)
  A hornet (D:11)
  A hippogriff (Lair:3)
  A centaur simulacrum (D:12)
  2 water elementals (D:13)
  9 yaks
  A wyvern (D:12)
  A basilisk (Lair:1)
  3 wargs
  3 water moccasins
  A porcupine (Lair:1)
  2 sky beasts
  5 orc warriors
  A phantom (D:4)
  A wolf (Lair:3)
  2 ogres
  A big kobold (D:11)
  3 bullfrogs
  A scorpion (D:6)
  2 wights (D:7)
  3 howler monkeys
  5 electric eels
  A bullfrog zombie (D:6)
  2 orc priests (D:10)
  2 hounds
  6 orc wizards
  An iguana (D:9)
  2 worker ants
  A gnoll (D:8)
  2 worker ant zombies
  3 shadow imps
  An adder skeleton (D:7)
  13 orcs
  A giant cockroach (D:5)
  A hobgoblin (D:3)
  A fungus (Lair:3)
  A plant (Lair:3)
98 creatures vanquished.

Vanquished Creatures (others)
  Fannar (D:11)
  A cyclops (D:13)
  17 hexers
  2 ancestors
  A quokka skeleton (D:6)
  A fungus (Lair:1)
23 creatures vanquished.

Grand Total: 503 creatures vanquished

Notes
Turn   | Place    | Note
-------+----------+-------------------------------------------
     0 | D:1      | BeastOfSaturn the Demonspawn Necromancer began the quest
                  | for the Orb.
     0 | D:1      | Reached XP level 1. HP: 13/13 MP: 3/3
   178 | D:1      | Gained mutation: You have sharp fingernails. [demonic
                  | ancestry]
   178 | D:1      | Reached XP level 2. HP: 16/19 MP: 0/5
   862 | D:1      | Reached skill level 1 in Armour
   927 | D:1      | Reached skill level 5 in Necromancy
  1472 | D:1      | Reached XP level 3. HP: 24/24 MP: 3/6
  1517 | D:1      | Learned a level 1 spell: Animate Skeleton
  1521 | D:1      | Learned a level 3 spell: Vampiric Draining
  1979 | D:2      | Noticed Jessica
  1992 | D:2      | Killed Jessica
  2176 | D:3      | Gained mutation: You are partially covered in iridescent
                  | scales. (AC +2) [demonic ancestry]
  2176 | D:3      | Reached XP level 4. HP: 30/30 MP: 7/7
  2494 | D:3      | Found a hazy altar of Hepliaklqana.
  2499 | D:3      | Became a worshipper of Hepliaklqana the Forgotten
  2796 | D:3      | Found a shimmering blue altar of Sif Muna.
  3319 | D:4      | Found a blossoming altar of Fedhas.
  3645 | D:4      | Got a crystal war axe
  3650 | D:4      | Gained mutation: When hurt, damage is shared between your
                  | health and your magic reserves. [demonic ancestry]
  3650 | D:4      | Reached XP level 5. HP: 25/32 MP: 9/9
  3657 | D:4      | Identified the +7 war axe of Beawocis {freeze, rElec rC+
                  | Int+2 Stlth-} (You found it on level 4 of the Dungeon)
  3789 | D:4      | Learned a level 4 spell: Animate Dead
  3790 | D:4      | Reached * piety under Hepliaklqana
  3792 | D:4      | Upgraded the game from 0.25-a0-426-g7d9e569eea to
                  | 0.25-a0-435-g4b9beb1024
  4043 | D:4      | Reached skill level 1 in Short Blades
  4261 | D:5      | Entered Level 5 of the Dungeon
  4271 | D:5      | Noticed an ogre
  4276 | D:5      | Killed an ogre
  4276 | D:5      | Reached skill level 1 in Axes
  4276 | D:5      | Reached XP level 6. HP: 35/37 MP: 7/11
  4291 | D:5      | Noticed a sky beast
  4650 | D:4      | Reached skill level 1 in Fighting
  4753 | D:5      | Found a staircase to the Ecumenical Temple.
  4840 | D:5      | Reached XP level 7. HP: 42/43 MP: 10/12
  4854 | D:5      | Reached skill level 2 in Axes
  5638 | D:5      | Reached skill level 3 in Axes
  6076 | D:5      | Noticed Ijyb
  6081 | D:5      | Killed Ijyb
  6295 | D:5      | Reached XP level 8. HP: 47/50 MP: 14/14
  6481 | D:6      | Reached skill level 4 in Axes
  6702 | D:6      | Found a sparkling altar of Nemelex Xobeh.
  6861 | D:6      | Reached ** piety under Hepliaklqana
  6862 | D:6      | Remembered your ancestor Orion as a hexer
  6952 | D:6      | Found a blossoming altar of Fedhas.
  6952 | D:6      | Found a burning altar of Makhleb.
  6970 | D:6      | Reached skill level 5 in Axes
  7114 | D:6      | Found a stormy altar of Qazlal.
  7280 | D:6      | Found a shimmering blue altar of Sif Muna.
  7348 | D:6      | Found a hide-covered altar of Uskayaw.
  7348 | D:6      | Found a faded altar of an unknown god.
  7348 | D:6      | Noticed Prince Ribbit
  7526 | D:6      | Killed Prince Ribbit
  7526 | D:6      | Reached skill level 5 in Armour
  7526 | D:6      | Gained mutation: You have very sharp fingernails. [demonic
                  | ancestry]
  7526 | D:6      | Reached XP level 9. HP: 50/55 MP: 5/16
  7547 | D:6      | Found a radiant altar of Vehumet.
  7549 | D:6      | Found a faded altar of an unknown god.
  7551 | D:6      | Found a snail-covered altar of Cheibriados.
  7654 | D:7      | Reached skill level 5 in Spellcasting
  7737 | D:7      | Learned a level 5 spell: Agony
  8071 | D:7      | Noticed Harold
  8084 | D:7      | Killed Harold
  8084 | D:7      | Reached skill level 6 in Axes
  8990 | D:7      | Reached skill level 7 in Axes
  9084 | D:7      | Learned a level 3 spell: Summon Guardian Golem
  9312 | D:7      | Gained mutation: You regenerate magic rapidly. [demonic
                  | ancestry]
  9312 | D:7      | Reached XP level 10. HP: 61/63 MP: 18/18
  9365 | D:7      | Found a shattered altar of Ashenzari.
  9726 | D:8      | Reached skill level 1 in Shields
  9753 | D:8      | Found an ornate altar of the Wu Jian Council.
  9983 | D:8      | Noticed Joseph
 10004 | D:8      | Killed Joseph
 10408 | D:8      | Reached *** piety under Hepliaklqana
 10734 | D:9      | Found an opulent altar of Gozag.
 10802 | D:9      | Noticed a death yak
 10804 | D:9      | Noticed a death yak
 10805 | D:9      | Noticed a death yak
 11546 | D:8      | Killed a death yak
 11546 | D:8      | Reached skill level 8 in Axes
 12066 | D:7      | Killed a death yak
 12411 | D:9      | Killed a death yak
 12540 | D:9      | Found a staircase to the Lair.
 12757 | D:9      | Found a runed translucent gate.
 12757 | D:9      | Found a runed translucent gate.
 12757 | D:9      | Found an opulent altar of Gozag.
 12757 | D:9      | Found a runed translucent gate.
 12757 | D:9      | Found Kydug's Assorted Antiques.
 12757 | D:9      | Noticed an obsidian statue
 12757 | D:9      | Noticed a four-headed hydra
 12757 | D:9      | Noticed swagumen's ghost (novice DEFE)
 12949 | D:10     | Entered Level 10 of the Dungeon
 12983 | D:10     | Gained mutation: You are mostly covered in iridescent
                  | scales. (AC +4) [demonic ancestry]
 12983 | D:10     | Reached XP level 11. HP: 60/70 MP: 20/20
 13064 | D:10     | Found a staircase to the Orcish Mines.
 14154 | D:11     | Noticed Fannar
 14389 | D:11     | Reached **** piety under Hepliaklqana
 14493 | D:11     | Reached skill level 9 in Axes
 14608 | D:11     | Got a faintly humming leather armour
 14609 | D:11     | Identified the +1 leather armour of Ru's Wrath {*Contam rF+
                  | rN++ Regen+} (You found it on level 11 of the Dungeon)
 14871 | D:11     | Noticed a sun demon
 14879 | D:11     | Reached skill level 5 in Fighting
 15066 | D:11     | Killed Fannar
 15066 | D:11     | Reached skill level 5 in Shields
 15618 | D:12     | Killed an unseen horror
 15686 | D:12     | Learned a level 2 spell: Blink
 15723 | D:12     | Paralysed by a hornet for 1 turns
 15817 | D:12     | Reached XP level 12. HP: 77/77 MP: 22/22
 15818 | D:12     | Reached skill level 10 in Axes
 16016 | D:12     | Noticed Rupert
 16024 | D:12     | Paralysed by Rupert for 5 turns
 16789 | D:13     | Reached ***** piety under Hepliaklqana
 16934 | D:13     | Noticed Snorg
 16941 | D:13     | Killed Snorg
 17072 | D:13     | Noticed Maurice
 17083 | D:13     | Noticed Sonja
 17097 | D:13     | Killed Maurice
 17107 | D:13     | Killed Sonja
 17211 | D:13     | Found a gate to the Vaults.
 17601 | Lair:1   | Entered Level 1 of the Lair of Beasts
 17835 | Lair:1   | Found a large runed translucent door.
 17835 | Lair:1   | Found a large runed translucent door.
 17835 | Lair:1   | Noticed Vibompa's ghost (journeyman DDFi)
 18709 | Lair:2   | Found a staircase to the Shoals.
 18768 | Lair:1   | Gained mutation: Your flesh is heat resistant. (rF+)
                  | [demonic ancestry]
 18768 | Lair:1   | Reached XP level 13. HP: 26/84 MP: 8/24
 18952 | Lair:1   | Reached skill level 11 in Axes
 19270 | Lair:2   | Noticed walterwhite's ghost (journeyman TrFi)
 19272 | Lair:2   | Found a runed translucent gate.
 19272 | Lair:2   | Found a runed translucent gate.
 19272 | Lair:2   | Found a runed translucent gate.
 19541 | Lair:3   | Learned a level 2 spell: Poisonous Vapours
 20527 | Orc:1    | Entered Level 1 of the Orcish Mines
 20698 | Orc:2    | Entered Level 2 of the Orcish Mines
 20698 | Orc:2    | Found a staircase to the Elven Halls.
 20912 | Orc:2    | Found a transporter.
 20913 | Orc:2    | Noticed mrsnowman's ghost (journeyman DsFi)
 20922 | Orc:2    | Identified the +5 demon trident of Inference {distort,
                  | *Slow +Rage Dex+5}
 21095 | Orc:2    | Paralysed by an ogre mage for 5 turns
 21613 | Orc:1    | HP: 4/85 [two-headed ogre/cursed +0 giant spiked club (3)]
 21614 | Orc:1    | Demolished by a two-headed ogre

Levels and vault maps discovered:
D:1:      kilobyte_arrival_exit_the_forest, layout_loops_corners
D:2:      layout_basic, uniq_jessica
D:3:      layout_loops_corners, marbit_many_paths, first_ration,
          chequers_serial_rivers_micro_a, led_sif_pool
D:4:      layout_basic, st_stairs_7, fedhas_altar_1
D:5:      layout_gridville, minmay_temple_entry_sparse_star, uniq_ijyb
D:6:      layout_basic, nemelex_xobeh_ov_fountains_minmay, kennysheep_mini,
          chequers_temple_overflow_minitemple, grunt_temple_overflow_open,
          kennysheep_cross_room, minmay_misc_feat_tiny,
          kennysheep_generic_room_13, uniq_prince_ribbit1
D:7:      layout_gridville, kennysheep_mini_moat, uniq_harold
D:8:      layout_loops_ring, kennysheep_little_box, serial_rivers,
          chequers_serial_rivers_micro_a, chequers_serial_rivers_micro_b,
          chequers_serial_rivers_small_3, chequers_serial_rivers_micro_d,
          the_bakery, chequers_serial_rivers_large_a, uniq_joseph
D:9:      layout_roguey, nicolae_overflow_crystal_walls, dpeg_lair_monsters,
          ebering_ghost_gozag
D:10:     layout_small_grid, david_orc_2, minivault_1, kennysheep_boxes
D:11:     layout_long_grid, portal_ice_cave_rime, uniq_fannar
D:12:     layout_irregular_city, solitary_fountain, uniq_rupert
D:13:     layout_basic, david_vaults_4, uniq_snorg, uniq_maurice, uniq_sonja
Lair:1:   layout_cave_pods, ebering_ghost_disaster_area,
          chequers_serial_rivers_micro_b, beast_lair_carwin_3
Lair:2:   layout_misc_corridors, elwin_shoals_entry_rocks,
          gammafunk_ghost_split, grunt_megastairs_2
Lair:3:   layout_loops_ring, wad_woods_road_05, serial_bayou_shore_b
Orc:1:    layout_caves
Orc:2:    st_orc_pillars, layout_caves, gammafunk_ghost_abyssal_escape

Skill      XL: |  1  2  3  4  5  6  7  8  9 10 11 12 13 |
---------------+----------------------------------------+-----
Armour         | 1 2 3 5 6 7 8 9 |  9.7
Necromancy     | 5 6 7 8 9 |  9.6
Dodging        | 2 3 4 |  4.3
Spellcasting   | 3 4 5 6 7 |  7.8
Short Blades   | 1 |  1.0
Axes           | 1 3 5 7 8 9 10 11 | 11.5
Fighting       | 1 2 4 5 6 |  6.9
Shields        | 3 5 7 8 |  8.8
Maces & Flails | |  0.3
Stealth        | |  1.7
Air Magic      | |  0.3
Poison Magic   | |  0.6
Evocations     | |  0.4

Action                   |  1- 3 |  4- 6 |  7- 9 | 10-12 | 13-15 || total
-------------------------+-------+-------+-------+-------+-------++-------
Melee: Dagger            |    48 |    40 |       |       |       ||    88
       Hand axe          |     7 |       |       |       |       ||     7
       Club              |     3 |       |       |       |       ||     3
       War axe           |       |    41 |   189 |   606 |   266 ||  1102
 Cast: Pain              |    29 |    27 |    28 |    66 |       ||   150
       Animate Skeleton  |     3 |     1 |     1 |     2 |       ||     7
       Vampiric Draining |     2 |     2 |     6 |    12 |       ||    22
       Animate Dead      |       |       |     6 |     5 |     6 ||    17
       Summon Guardian G |       |       |     1 |       |       ||     1
       Poisonous Vapours |       |       |       |       |     6 ||     6
Invok: Recall Ancestor   |       |     1 |     1 |       |       ||     2
       Ancestor Identity |       |     1 |       |       |       ||     1
       Ancestor Life: He |       |       |     1 |       |       ||     1
Evoke: Wand              |       |       |       |     3 |       ||     3
  Use: Scroll            |       |     4 |     3 |    13 |     6 ||    26
       Potion            |       |     1 |     1 |     1 |       ||     3
 Stab: Sleeping          |     1 |       |       |       |       ||     1
       Distracted        |       |       |     2 |     9 |     7 ||    18
       Confused          |       |       |     2 |    11 |     4 ||    17
  Eat: Chunk             |     2 |     2 |       |     1 |       ||     5
       Ration            |     1 |     2 |     5 |     9 |     3 ||    20
Armor: Robe              |     5 |       |       |       |       ||     5
       Leather armour    |     5 |    18 |    59 |   214 |    78 ||   374
Dodge: Dodged            |    37 |    64 |   182 |   232 |    92 ||   607
Block: Large shield      |       |       |       |   452 |   273 ||   725
       Reflection        |       |       |       |     7 |     7 ||    14

Table legend:
 A = Non-vault XP
 B = Vault XP
 C = Vault XP percentage of total XP
 D = Non-vault monster count
 E = Vault monster count
 F = Vault count percentage of total count
                 A         B        C        D         E       F
            +---------+---------+-------+---------+---------+-------
      Total |   38022 |   13542 |  26.3 |     432 |      46 |   9.6
            +---------+---------+-------+---------+---------+-------
        D:1 |      45 |       0 |   0.0 |      20 |       0 |   0.0
        D:2 |      16 |      32 |  66.7 |       9 |       1 |  10.0
        D:3 |      18 |       1 |   5.3 |       7 |       1 |  12.5
        D:4 |     446 |      68 |  13.2 |      20 |       2 |   9.1
        D:5 |     791 |      36 |   4.4 |      33 |       1 |   2.9
        D:6 |    1131 |     392 |  25.7 |      31 |       2 |   6.1
        D:7 |    1826 |    1913 |  51.2 |      38 |       2 |   5.0
        D:8 |    1414 |    1523 |  51.9 |      26 |       3 |  10.3
        D:9 |     176 |    1081 |  86.0 |       4 |       6 |  60.0
       D:10 |    1673 |     285 |  14.6 |      27 |       6 |  18.2
       D:11 |    4441 |    1664 |  27.3 |      35 |       3 |   7.9
       D:12 |    5607 |       0 |   0.0 |      50 |       0 |   0.0
       D:13 |    2850 |    4350 |  60.4 |      15 |       7 |  31.8
     Lair:1 |    7757 |    2197 |  22.1 |      31 |      12 |  27.9
     Lair:2 |    1362 |       0 |   0.0 |       8 |       0 |   0.0
     Lair:3 |    2443 |       0 |   0.0 |      15 |       0 |   0.0
      Orc:1 |    2484 |       0 |   0.0 |      24 |       0 |   0.0
      Orc:2 |    3542 |       0 |   0.0 |      39 |       0 |   0.0
            +---------+---------+-------+---------+---------+-------
